Unix NetHack Version 5.0.0-0 post-release - last build May 17 2026 04:57:42 (dc50c8380fa5e20985bfe3072449f57b8d9895ef,branch:main).

Game began 2026-05-17 15:36:59, ended 2026-05-17 18:29:20.

DeathOnAStick, neutral male human Tourist

           #      ------       ------------                          ---------
        -----     |....|       |...........#                         |.......|
        |...|     | ....#######|..........|                          |.......|
        |....####)----.-       |..--..--..|             ----        #-.......|
        |...|#  `##############...--..--...#####        |  |        #|.....<.|
        |...|##    ##########  |..........|    #        |  |        #|.......|
        -.--- #   ##        ###...........|    #        ----        #|.......|
        ##    #   #            |..--..--..|    #                    #---.-----
        #     #   #            |..--..--..|    ####                 ##
    #####     #   #            |..........|       #                 ###
  --|------   #   #            |..........|       #                  ###
  |..)....|   #   #            ------------       ####                 #
  |..).....######################                    #  ---------.-----#
  |..@d>..|   #   [ #           #######              #  |..[...........#
  ---------   # --|-----              #############  ###..............|
              ##|..<...|       `#########         #     |.............|
               #|.......########                  ##%###-.............|
               #..[....|                                ---------------
                --------

DeathOnAStick the Excursionist  St:14 Dx:14 Co:17 In:13 Wi:9 Ch:16  Neutral S:11280
Dlvl:10 $:31 HP:0(80) Pw:35(35) AC:-1 Xp:9/2685 T:8123 

Latest messages:
 You were wearing an uncursed blindfold.
 You can see again.
 You stop waiting.
 What do you want to use or apply? [dghl-nr-vxDFGJNOVY or ?*] v
 In what direction? l
 The flash of light shines on the ochre jelly.
 Welcome to experience level 9.
 In what direction? l
 The dart hits the ochre jelly.
 In what direction? l
 The dart hits the ochre jelly.
 In what direction? l
 The dart misses the ochre jelly.
 In what direction? l
 The dart hits the ochre jelly.
 In what direction? l
 The dart hits the ochre jelly.
 In what direction? l
 You feel more confident in your weapon skills.
 The dart hits the ochre jelly.
 Fido3 picks up an uncursed dart.
 The ochre jelly engulfs you!
 Your lamp called magic goes out!
 You are covered in slime!  It burns!
 You hit the ochre jelly.
 You are splashed by the ochre jelly's acid!
 You are covered in slime!  It burns!
 What do you want to wield? [- ad or ?*] a
 You are already wielding that!
 You hit the ochre jelly.
 You are splashed by the ochre jelly's acid!
 Your dagger corrodes!
 You hit the ochre jelly.
 You are splashed by the ochre jelly's acid!
 You are covered in slime!  It burns!
 What do you want to drink? [fi or ?*] f
 You feel much better.
 You hit the ochre jelly.
 You are splashed by the ochre jelly's acid!
 Your dagger corrodes further!
 You are covered in slime!  It burns!
 You hit the ochre jelly.
 You kill the ochre jelly!
 You are splashed by the ochre jelly's acid!
 You die...
 Do you want your possessions identified? [ynq] (y) y
 Do you want to see your attributes? [ynq] (y) y
 Do you want an account of creatures vanquished? [ynaq] (y) y
 Do you want to see your conduct and achievements? [ynq] (y) y
 Do you want to see the dungeon overview? [ynq] (y) y

Inventory:
 Coins    ('$')
  $ - 31 gold pieces
 Weapons  (')')
  a - a very corroded +0 dagger (weapon in right hand)
 Armor    ('[')
  e - a cursed +0 dwarvish iron helm (being worn)
  A - a cursed +0 pair of iron shoes (being worn)
  B - an uncursed +0 mummy wrapping
  y - an uncursed +0 oilskin cloak (being worn)
  Q - an uncursed +0 dwarvish mithril-coat (being worn)
 Comestibles  ('%')
  w - an uncursed pancake
  H - an uncursed partly eaten lizard corpse
 Scrolls  ('?')
  c - an uncursed scroll of destroy armor
  M - an uncursed scroll of teleportation
 Potions  ('!')
  i - a cursed potion of healing
 Rings    ('=')
  b - an uncursed ring of levitation
 Wands    ('/')
  D - a wand of digging (0:7)
  r - a cursed wand of digging (0:6)
  h - a cursed wand of enlightenment (0:11)
  Y - a wand of fire (0:4)
  l - a cursed wand of magic missile (0:0)
  m - a cursed wand of make invisible (0:5)
  u - a cursed wand of nothing (0:13)
  N - a wand of polymorph (0:5)
  t - a wand of probing (0:8)
  O - a wand of secret door detection (0:14)
  g - a cursed wand of sleep (0:7)
  V - a wand of speed monster (0:8)
  n - a wand of speed monster (0:0)
  J - a wand of teleportation (0:0)
 Tools    ('(')
  s - an uncursed blindfold
  v - an expensive camera (0:13)
  G - an uncursed magic lamp
  F - an uncursed magic whistle
  d - a +0 pick-axe
  x - an uncursed skeleton key

DeathOnAStick the Tourist's attributes:

Background:
 You were an Excursionist, a level 9 male human Tourist.
 You were neutral, on a mission for The Lady
 who was opposed by Blind Io (lawful) and Offler (chaotic).
 You were right-handed.
 You were in the Dungeons of Doom, on level 10.
 You entered the dungeon 8123 turns ago.
 There was a new moon in effect when your adventure ended.
 You had 2685 experience points, 2435 more were needed to attain level 10.
 Your score was 11280 before end-of-game adjustments.

Basics:
 You had 0 out of 80 hit points.
 You had all 35 energy points (spell power).
 Your armor class was -1.
 Your wallet contained 31 zorkmids.
 Autopickup was off.

Final Characteristics:
 Your strength was 14 (limit:18/100).
 Your dexterity was 14 (limit:18).
 Your constitution was 17 (limit:18).
 Your intelligence was 13 (limit:18).
 Your wisdom was 9 (limit:18).
 Your charisma was 16 (limit:18).

Final Status:
 You weren't hungry.
 You were unencumbered.
 You were wielding a dagger.
 You had expert skill with dagger.

Final Attributes:
 You were piously aligned.
 You were telepathic.
 You were guarded.
 You are dead.

Miscellaneous:
 You encountered 2 bones levels.
 Total elapsed playing time was 2 hours, 5 minutes and 51 seconds.

Major events:
 Turn
    1: DeathOnAStick the neutral male human Tourist entered the dungeon
  532: entered the Gnomish Mines
  576: attained the rank of Sightseer (level 3)
  834: reached Mine Town
 2661: attained the rank of Excursionist (level 6)
 6123: entered the Bigroom
 8123: killed by an ochre jelly

You didn't know any spells.

Skills:
 Fighting Skills
   bare handed combat [Unskilled]
   two weapon combat  [Unskilled]
   riding             [Unskilled]
 Weapon Skills
   dagger             [Expert]
   knife              [Unskilled]
   axe                [Unskilled]
   pick-axe           [Unskilled]
   short sword        [Unskilled]
   broadsword         [Unskilled]
   long sword         [Unskilled]
   two-handed sword   [Unskilled]
   saber              [Unskilled]
   mace               [Unskilled]
   morning star       [Unskilled]
   flail              [Unskilled]
   hammer             [Unskilled]
   quarterstaff       [Unskilled]
   polearms           [Unskilled]
   spear              [Unskilled]
   trident            [Unskilled]
   lance              [Unskilled]
   bow                [Unskilled]
   sling              [Unskilled]
   crossbow           [Unskilled]
   dart               [Basic]
   shuriken           [Unskilled]
   boomerang          [Unskilled]
   whip               [Unskilled]
   unicorn horn       [Unskilled]
 Spellcasting Skills
   divination spells  [Unskilled]
   enchantment spells [Unskilled]
   escape spells      [Unskilled]

Voluntary challenges:
 Character rerolling was not enabled.
 You never genocided any monsters.
 You never polymorphed an object.
 You never changed form.
 You used no wishes.
Achievements:
 You entered the Gnomish Mines.
 You attained the rank of Sightseer.
 You entered Minetown.
 You entered a shop.
 You entered a temple.
 You attained the rank of Excursionist.
 You entered the Big Room.

 The Dungeons of Doom: levels 1 to 11
    Level 1:
       A fountain.
    Level 2:
       Stairs down to The Gnomish Mines.
    Level 3:
       A fountain.
    Level 4:
       Some fountains.
       Final resting place for
          yeovil-Wiz-Hum-Mal-Neu, killed by an invisible large kobold,
          poiuztrewq-Hea-Hum-Fem-Neu, killed by an iguana.
    Level 5:
       A throne, many fountains.
    Level 6:
       A fountain, a sink.
    Level 7:
    Level 8:
    Level 9:
       Many fountains.
       Oracle of Delphi.
    Level 10: <- You were here.
       Final resting place for
          you, killed by an ochre jelly.
    Level 11:
       A very big room.
 The Gnomish Mines: levels 3 to 6
    Level 3:
    Level 4:
       A grave.
       Final resting place for
          eestinsv-Pri-Elf-Fem-Cha, killed by a bat, while frozen by a floating eye's gaze.
    Level 5:
       Many shops, a temple and an altar, some fountains.
    Level 6:


Vanquished creatures:
  3 ghosts
  a large dog
  a tengu
 an ochre jelly
  a python
 an ettin zombie
  5 giant beetles
  2 quivering blobs
  4 wolves
  3 giant spiders
  a black light
  a gold golem
  a werewolf
  2 lizards
  a chickatrice
  a housecat
  a dwarf leader
  a dust vortex
  2 ravens
  a plains centaur
  a gnome mummy
  a snake
 an ape
  a Woodland-elf
  a water nymph
  4 Mordor orcs
  a pony
  a fog cloud
  2 yellow lights
  a shrieker
  a violet fungus
  6 gnome leaders
  3 gnomish wizards
  a kobold mummy
  2 elf zombies
  a little dog
  5 floating eyes
  2 kittens
  6 dwarves
  a homunculus
  2 hill orcs
  6 rothes
  a rabid rat
  2 centipedes
  4 giant bats
  5 dwarf zombies
  a wererat
  a werejackal
  2 iguanas
 an acid blob
  2 coyotes
  a gas spore
  3 hobbits
  a large kobold
  3 hobgoblins
  7 giant rats
  3 cave spiders
  a brown mold
  a yellow mold
 18 gnomes
  3 garter snakes
  a gnome zombie
  7 geckos
  7 jackals
  2 sewer rats
 10 grid bugs
  a bat
  6 lichens
  3 kobold zombies
  7 newts
188 creatures vanquished.

No species were genocided or became extinct.

Game over:
                       ----------
                      /          \
                     /    REST    \
                    /      IN      \
                   /     PEACE      \
                  /                  \
                  |  DeathOnAStick   |
                  |      31 Au       |
                  |   killed by an   |
                  |   ochre jelly    |
                  |                  |
                  |                  |
                  |       2026       |
                 *|     *  *  *      | *
        _________)/\\_//(\/(/\)/\//\/|_)_______

Aloha DeathOnAStick the Tourist...

You died in The Dungeons of Doom on dungeon level 10 with 11280 points,
and 31 pieces of gold, after 8123 moves.
You were level 9 with a maximum of 80 hit points when you died.

